 Dungeon Crawl Stone Soup version 0.26-a0-597-gb535b0901c (webtiles) character file.

Game seed: 4552619259878116676

437 Flugslaktarn the Skirmisher (level 6, -1/57 HPs)
             Began as a Minotaur Fighter on Sept 13, 2020.
             Was a Follower of Makhleb.
             Slain by a gnoll
             ... wielding a +0 halberd
              (12 damage)
             ... on level 4 of the Dungeon.
             The game lasted 00:00:59 (1577 turns).

Flugslaktarn the Skirmisher (Minotaur Fighter)      Turns: 1577, Time: 00:01:00

Health: -1/57      AC:  8    Str: 22    XL:     6   Next: 69%
Magic:  5/5        EV:  4    Int:  6    God:    Makhleb [*.....]
Gold:   113        SH:  0    Dex:  9    Spells: 5/5 levels left

rFire    . . .     SeeInvis .   a - +0 war axe
rCold    . . .     Faith    .   c - +0 kite shield
rNeg     . . .     Spirit   .   b - +0 scale mail
rPois    .         Reflect  .   (helmet restricted)
rElec    .         Harm     .   (no cloak)
rCorr    .                      e - +0 pair of gloves
MR       .....                  (no boots)
Stlth    ..........             (no amulet)
HPRegen  0.19/turn              (no ring)
MPRegen  0.09/turn              (no ring)

@: held
A: retaliatory headbutt, horns 2
a: Renounce Religion


You were on level 4 of the Dungeon.
You worshipped Makhleb.
Makhleb was aware of your devotion.
You visited 2 branches of the dungeon, and saw 5 of its levels.

You collected 113 gold pieces.

Inventory:

Hand Weapons
 a - a +0 war axe (weapon)
Armour
 b - a +0 scale mail (worn)
 c - a +0 kite shield (worn)
 e - a +0 pair of gloves (worn)
   (You found it on level 1 of the Dungeon)
Scrolls
 f - a scroll of amnesia {unknown}
 h - 2 scrolls of teleportation {unknown}
 l - 2 scrolls of identify {unknown}
Potions
 d - a potion of might
 g - 2 potions of lignification {unknown}
 i - a potion of stabbing {unknown}
 j - a potion of degeneration {unknown}
 k - a potion of curing {unknown}
 m - a potion of heal wounds {unknown}


   Skills:
 * Level 6.0 Fighting
 * Level 5.3 Axes
 + Level 4.8 Armour
 + Level 4.9 Shields
 + Level 0.9 Invocations


You had 5 spell levels left.
You didn't know any spells.
Your spell library was empty.

Dungeon Overview and Level Annotations

Branches:
Dungeon (4/15)             Temple (1/1) D:4

Altars:
Ashenzari
Cheibriados
Dithmenos
Elyvilon
Fedhas
Gozag
Kikubaaqudgha
Makhleb
Nemelex Xobeh
Okawaru
Ru
Sif Muna
Uskayaw
Vehumet
Wu Jian
Xom
Yredelemnul
Zin
The Shining One


Innate Abilities, Weirdness & Mutations

You reflexively headbutt those who attack you in melee.
You have a pair of horns on your head.


Message History

You are too injured to fight recklessly!
The howler monkey barely misses you. You furiously retaliate!
You headbutt the howler monkey!
You see here a +0 leather armour.
The howler monkey hoots and howls with incredible vigour!
The gnoll throws a throwing net.
The throwing net hits you.
You become entangled in the net!
You see here a throwing net.
You struggle against the net.
You tear a large gash into the net.
The howler monkey hits you but does no damage.
The gnoll hits you but does no damage.
The gnoll hits you from afar with a +1 spear of flaming.
* * * LOW HITPOINT WARNING * * *
The gnoll burns you.
* * * LOW HITPOINT WARNING * * *
You struggle against the net.
The howler monkey hoots and howls with incredible vigour!
The gnoll hits you from afar with a +0 halberd!
You die...

...# ###..####
#...########.....
#.#............#. ##
#................ ...
.............###. ..!.
#####..........#.#... .....
...#................
......###.......####.......
...?..†.gh@.###+###........
......))g##.#.....#......†.
......#$###.#.#'#.###.#....
........# #.'.#>#.'........
.....#### ###.###.####.....
..... #.....####..... ....
###'###........ ....
######..#.....##..
##...#.............


You could see a howler monkey (catching breath) and 2 gnolls.

Vanquished Creatures
  An ogre (D:4)
  4 hounds (D:4)
  2 orc priests
  2 worker ants
  5 gnolls
  An adder (D:2)
  A worm (D:2)
  3 dart slugs
  12 orcs
  2 bats
  2 giant cockroaches (D:2)
  4 goblins
  2 hobgoblins
  5 jackals
  2 kobolds
  A quokka (D:3)
  3 ball pythons
  A frilled lizard (D:1)
  A leopard gecko skeleton (D:4)
  6 rats
60 creatures vanquished.

Notes
Turn   | Place    | Note
-------+----------+-------------------------------------------
     0 | D:1      | Flugslaktarn the Minotaur Fighter began the quest for the
                  | Orb.
     0 | D:1      | Reached XP level 1. HP: 19/19 MP: 0/0
   146 | D:1      | Reached XP level 2. HP: 27/27 MP: 1/1
   222 | D:2      | Reached skill level 4 in Fighting
   362 | D:2      | Reached XP level 3. HP: 33/33 MP: 2/2
   570 | D:3      | Reached XP level 4. HP: 41/41 MP: 3/3
   705 | D:4      | Noticed an ogre
   717 | D:3      | Reached skill level 5 in Fighting
   730 | D:4      | Reached XP level 5. HP: 41/48 MP: 4/4
   733 | D:4      | Killed an ogre
   885 | D:4      | Found a staircase to the Ecumenical Temple.
   910 | Temple   | Entered the Ecumenical Temple
  1046 | Temple   | Became a worshipper of Makhleb the Destroyer
  1086 | D:4      | Reached XP level 6. HP: 49/56 MP: 5/5
  1186 | D:4      | Found a blossoming altar of Fedhas.
  1218 | D:4      | Reached skill level 5 in Axes
  1563 | D:4      | Reached skill level 6 in Fighting
  1570 | D:4      | Reached * piety under Makhleb
  1577 | D:4      | Slain by a gnoll

Illustrated notes

Levels and vault maps discovered:
D:1:      ldierk_walled_garden, layout_loops_ring
D:2:      layout_basic
D:3:      layout_basic, minmay_misc_feat_tiny, chequers_serial_rivers_micro_c,
          grunt_decor_arrowhead
D:4:      layout_rooms, lemuel_doored_altar, minmay_temple_entry_glassed_door,
          kennysheep_generic_room_3
Temple:   regret_index_temple_sigil_plot

Skill      XL: |  1  2  3  4  5  6 |
---------------+-------------------+-----
Fighting       | 4 5 6 |  6.0
Axes           | 3 4 5 |  5.3
Shields        | 4 |  4.9
Armour         | 4 |  4.8
Invocations    | |  0.9

Action                   |  1- 3 |  4- 6 || total
-------------------------+-------+-------++-------
Melee: War axe           |    46 |    80 ||   126
       Headbutt          |     9 |    12 ||    21
Armor: Scale mail        |    18 |    52 ||    70
Dodge: Dodged            |    14 |    45 ||    59
Block: Kite shield       |    28 |    65 ||    93

Table legend: (Time is in decaauts)
 A = Elapsed time spent in this place.
 B = Non-inter-level travel time spent in this place.
 C = Inter-level travel time spent in this place.
 D = Time resting spent in this place.
 E = Time spent auto-exploring this place.
 F = Levels seen in this place.
 G = Mean time per level.
                   A        B        C        D        E       F      G
               +--------+--------+--------+--------+--------+-----+--------+
         Total |   1626 |   1580 |     46 |     10 |   1214 |   5 |  325.2 |
       Dungeon |   1466 |   1443 |     23 |     10 |   1094 |   4 |  366.5 |
        Temple |    159 |    137 |     22 |      0 |    120 |   1 |  159.0 |
               +--------+--------+--------+--------+--------+-----+--------+

Top non-repeatable levels by time:
     D:4: 713 daAuts
     D:3: 352 daAuts
     D:1: 216 daAuts
     D:2: 184 daAuts
  Temple: 159 daAuts
